 Dungeon Crawl Stone Soup version 0.30-a0-457-g4b7bca3bfa (webtiles) character file.

Game seed: 14247751904344366245

39 NinjaNoafa the Caller (level 3, 0/14 HPs)
             Began as a Felid Summoner on Dec 13, 2022.
             Slain by a hound (6 damage)
             ... on level 2 of the Dungeon.
             The game lasted 00:04:32 (2164 turns).

NinjaNoafa the Caller (Felid Summoner)              Turns: 2164, Time: 00:04:33

Health: 0/14       AC:  1    Str:  4    XL:     3   Next: 26%
Magic:  0/8        EV: 17    Int: 18    God:
Gold:   160        SH:  0    Dex: 16    Spells: 0/7 levels left
                                        Lives:  0   Deaths: 0

rFire   . . .      SeeInvis +    (weapon unavailable)
rCold   . . .      Faith    .    (shield unavailable)
rNeg    . . .      Spirit   .    (body armour unavailable)
rPois   .          Reflect  .    (helmet unavailable)
rElec   .          Harm     .    (cloak unavailable)
rCorr   .          Rampage  .    (gloves unavailable)
Will    .....                    (boots unavailable)
Stlth   ++........               (no amulet)
HPRegen 0.22/turn                (no ring)
MPRegen 0.11/turn                (no ring)

@: quick
A: very small, claws 1, fangs 3, see invisible, speed 1, shaggy fur 1, stealthy
paws, no weapons or thrown items, no armour, multi-lived
a: no special abilities


You were on level 2 of the Dungeon.
You visited 1 branch of the dungeon, and saw 3 of its levels.

You collected 160 gold pieces.

Inventory:

Scrolls
 d - a scroll of poison {unknown}
 f - 5 scrolls of torment {unknown}
 g - 2 scrolls of identify {unknown}
 i - a scroll of amnesia {unknown}
 j - a scroll of brand weapon {unknown}
 k - a scroll of teleportation {unknown}
Potions
 a - a potion of magic
 b - 2 potions of heal wounds {unknown}
 c - a potion of brilliance {unknown}
 e - a potion of degeneration {unknown}
 h - 2 potions of mutation {unknown}
 l - a potion of cancellation {unknown}


   Skills:
 - Level 2.6 Dodging
 - Level 2.6 Stealth
 + Level 2.8 Spellcasting
 + Level 4.6 Summonings


You couldn't memorise any spells.
You knew the following spells:

 Your Spells              Type           Power      Damage    Failure   Level
a - Summon Small Mammal   Summ           76%        N/A       2%          1
b - Call Imp              Summ           19%        N/A       3%          2
c - Call Canine Familiar  Summ           19%        N/A       8%          3
g - Slow                  Hex            8%         N/A       17%         1

Your spell library contained the following spells:

 Spells                   Type           Power      Damage    Failure   Level
 Summon Guardian Golem    Hex/Summ       10%        N/A       19%         3
 Confusing Touch          Hex            2%         N/A       45%         3
 Vampiric Draining        Necr           2%         2d6       45%         3
 Summon Lightning Spire   Summ/Air       10%        N/A       54%         4
 Storm Form               Tmut/Air       1%         N/A       100%        7
 Maxwell's Capacitive Co  Air            1%         ∞         100%        8


Dungeon Overview and Level Annotations

Branches:
Dungeon (3/15)

Altars:


Innate Abilities, Weirdness & Mutations

You have sharp claws.
You have razor-sharp teeth.
You have supernaturally acute eyesight. (SInv)
You cover ground quickly. (Speed+)
You are covered in fur. (AC +1)
Your paws help you pounce on unaware monsters.
You are incapable of wielding weapons or throwing items.
You cannot wear armour.
You gain extra lives every three experience levels.


Message History

Your hound misses the hound.
You swap places.
Your quokka dies!
Your quokka's corpse disappears in a puff of smoke!
The adder bites your hound.
Your hound barely misses the adder.
Your crimson imp blinks!
Your hound bites the adder.
The adder barely misses your hound.
Your hound barely misses the adder.
The hound bites you. The hound attacks as you move away!
The hound barely misses you. The hound bites you.
The hound attacks as you move away! The hound completely misses you.
Your quokka completely misses the hound.
Your hound bites the adder.
The adder closely misses something.
Something bites your hound. The adder bites your hound.
Your hound is poisoned.
The adder poisons your hound!
Your hound closely misses the adder.
The adder bites your hound but does no damage.
The hound attacks as you move away! The hound closely misses you.
The adder closely misses your hound. The hound bites you.
The hound attacks as you move away! The hound bites you.
The hound attacks as you move away! The hound closely misses you.
There is a stone staircase leading up here.
The hound misses you. The hound barely misses you.
Your crimson imp hits the adder.
You climb upwards.
There is a stone staircase leading down here.
You see here a +0 dagger.
You aren't carrying any items that you can evoke.
The hound attacks as you move away! The hound closely misses you.
Casting: Call Canine Familiar (astonishingly dangerous; 8% risk of failure)
Confirm with . or Enter, or press ? or * to list all spells.
A beastly little devil appears in a puff of frigid air.
The hound bites you but does no damage.
The hound stops to sniff the ground.
The hound bites you. The hound attacks as you move away! The hound bites you.
You die...

#.# #......# #.)#
#.# ######.# #..#
#####.#########
#.# #..# #
#.............#
#.# #..#
####.###.#######.#
#.# #..# .....#
#.# #.# #.# #..#
###### #.# #.# #.#
#..# # #.# #.# #.#
#... #.# #@# #.#
##.. ## #.# #h#
#.# ### .# #.# #5#
#.# .# #.# #># #.#
.# ###.#
##.#####.# # .#
#...# #........# #
.# #.###
#..####### # .#
#.# #..# # .# #.#
#..# #


You could see a hound (ally target) and a friendly white imp (summoned).

Vanquished Creatures
  A bat (D:1)
1 creature vanquished.

Vanquished Creatures (collateral kills)
  An adder (D:3)
  3 endoplasms
  A giant cockroach (D:1)
  A hobgoblin (D:2)
  3 jackals (D:1)
  3 kobolds (D:1)
  A quokka (D:1)
  3 ball pythons
  3 bats
  A frilled lizard (D:1)
  3 goblins
  5 rats
28 creatures vanquished.

Grand Total: 29 creatures vanquished

Notes
Turn   | Place    | Note
-------+----------+-------------------------------------------
     0 | D:1      | NinjaNoafa the Felid Summoner began the quest for the Orb.
     0 | D:1      | Reached XP level 1. HP: 7/7 MP: 4/4
   155 | D:1      | Found a faded altar of an unknown god.
   347 | D:1      | Reached XP level 2. HP: 7/11 MP: 1/6
   403 | D:1      | Learned a level 2 spell: Call Imp
  1423 | D:2      | Learned a level 1 spell: Slow
  1703 | D:2      | Reached XP level 3. HP: 14/14 MP: 5/8
  1753 | D:2      | Learned a level 3 spell: Call Canine Familiar
  2164 | D:2      | Slain by a hound

Illustrated notes

Levels and vault maps discovered:
D:1:      eino_arrival_water_star, layout_loops_ring,
          hellmonk_ecumenical_altar_slurped_away
D:2:      layout_loops_ring
D:3:      layout_loops_ring, uniq_ijyb

Action                   || total
-------------------------++-------
Melee: Unarmed           ||     1
       Bite              ||     1
 Cast: Summon Small Mamm ||    52
       Call Imp          ||     8
       Call Canine Famil ||     3
Armor: Skin              ||     3
Dodge: Dodged            ||    41

Table legend: (Time is in decaauts)
 A = Elapsed time spent in this place.
 B = Non-inter-level travel time spent in this place.
 C = Inter-level travel time spent in this place.
 D = Time resting spent in this place.
 E = Time spent auto-exploring this place.
 F = Levels seen in this place.
 G = Mean time per level.
                   A        B        C        D        E       F      G
               +--------+--------+--------+--------+--------+-----+--------+
         Total |   1910 |   1877 |     33 |      0 |   1445 |   3 |  636.7 |
       Dungeon |   1910 |   1877 |     33 |      0 |   1445 |   3 |  636.7 |
               +--------+--------+--------+--------+--------+-----+--------+

Top non-repeatable levels by time:
     D:1: 990 daAuts
     D:2: 787 daAuts
     D:3: 132 daAuts
